 Dungeon Crawl Stone Soup version 0.19.0-24-gb05acd6 (webtiles) character file.

108 SaltIsReal the Slasher (level 5, 0/57 HPs)
             Began as a Human Skald on Nov 22, 2016.
             Succumbed to an adder's poison
             ... on level 3 of the Dungeon.
             The game lasted 00:08:01 (2591 turns).

SaltIsReal the Slasher (Human Skald)                Turns: 2591, Time: 00:08:02

Health: 0/57       AC: 22    Str: 10 (13) XL:     5   Next: 12%
Magic:  4/8        EV:  2    Int: 10 (13) God:
Gold:   84         SH:  0    Dex: 10 (12) Spells: 2 memorised, 5 levels left

rFire  . . .     SeeInvis .     a - +1 falchion
rCold  + . .     Gourm    .     (armour currently unavailable)
rNeg   + + +     Faith    .     (no shield)
rPois  +         Spirit   .     (helmet currently unavailable)
rElec  .         Reflect  .     (cloak currently unavailable)
rCorr  .         Harm     .     (gloves currently unavailable)
MR     .....     NoTele   +     (boots currently unavailable)
Stlth  +.........               (no amulet)
                                (no ring)
                                k - ring of protection from cold

@: lethally poisoned (0 -> -1), exhausted, tree-form, very slightly
contaminated, hasted and slowed
A: no striking features
a: no special abilities


You were on level 3 of the Dungeon.
You were not hungry.
You were a tree.
You visited 1 branch of the dungeon, and saw 3 of its levels.

You collected 84 gold pieces.

Inventory:

Hand Weapons
 a - a +1 falchion (weapon)
Missiles
 n - 8 javelins (quivered)
Armour
 b - a +0 leather armour (melded)
Jewellery
 k - a ring of protection from cold (left branch)
Wands
 t - a wand of confusion (48/48)
Scrolls
 i - a scroll of noise
 j - 2 scrolls of fear
 l - 3 scrolls of enchant weapon
Potions
 e - a potion of brilliance
 o - a potion of agility
 s - a potion of haste
Books
 c - a book of Battle

   Spells                             Type                      Level
   a - Infusion                       Charms                       1
   b - Shroud of Golubria             Charms/Translocation         2
   c - Song of Slaying                Charms                       2
   d - Spectral Weapon                Hexes/Charms                 3
   e - Regeneration                   Charms/Necromancy            3
 w - a book of Changes

   Spells                             Type                      Level
   a - Beastly Appendage              Transmutation                1
   b - Sticks to Snakes               Transmutation                2
   c - Spider Form                    Transmutation/Poison         3
   d - Ice Form                       Ice/Transmutation            4
   e - Blade Hands                    Transmutation                5
Comestibles
 d - 3 bread rations
 f - 2 chunks of flesh
 g - a meat ration
 p - 3 fruits


   Skills:
 - Level 2.0 Fighting
 + Level 4.9 Long Blades
 - Level 1.0 Armour
 - Level 1.0 Dodging
 - Level 2.0 Spellcasting
 - Level 3.0 Charms


You had 5 spell levels left.
You knew the following spells:

 Your Spells              Type           Power        Failure   Level  Hunger
a - Infusion              Chrm           #...         10%         1    ##.....
b - Shroud of Golubria    Chrm/Tloc      #.........   24%         2    ###....


Dungeon Overview and Level Annotations

Branches:
Dungeon (3/15)

Altars:
Gozag


Message History

You are no longer magically infusing your attacks.
A red film seems to cover your vision as you go berserk!
You feel yourself moving faster!
You feel mighty!
You feel a strong urge to attack something.
* * * LOW HITPOINT WARNING * * *
You feel sick.
You feel your anger subside.
You are no longer berserk.
You pass out from exhaustion.
You feel yourself slow down.
* * * LOW HITPOINT WARNING * * *
You feel sick.
You can move again.
You turn into a tree.
Your +0 leather armour melds into your body.
Your roots penetrate the ground.
There is a lethal amount of poison in your body!
* * * LOW HITPOINT WARNING * * *
You feel sick.
You die...

#.###..##.############## #
#..##..............#
#####.###..##.###.#.#.###..###
..............####...## #..^..
....#.####..........## #.####
# # ####.####### #.# #)# #.#
.# #.# #.# #####.## # #♣# #.#
....... .. #.###########.#
....#.##..# #.............#
.......r..# ###############
........#.# .......[w..
...<....# ......### .........


There were no monsters in sight!

Vanquished Creatures
  4 adders
  An ooze (D:1)
  3 worms (D:2)
  2 dart slugs
  An orc (D:3)
  8 bats
  A giant cockroach (D:1)
  7 goblins
  9 hobgoblins
  A quokka (D:3)
  5 frilled lizards
  5 kobolds
  8 rats
55 creatures vanquished.

Notes
Turn   | Place    | Note
-------+----------+-------------------------------------------
     0 | D:1      | SaltIsReal the Human Skald began the quest for the Orb.
     0 | D:1      | Reached XP level 1. HP: 16/16 MP: 3/3
   209 | D:1      | Reached XP level 2. HP: 20/22 MP: 5/5
   664 | D:1      | Reached skill level 3 in Long Blades
   725 | D:1      | Learned a level 2 spell: Shroud of Golubria
   767 | D:1      | Reached XP level 3. HP: 22/27 MP: 6/6
  1178 | D:2      | Found an opulent altar of Gozag.
  1389 | D:2      | Reached skill level 4 in Long Blades
  1389 | D:2      | Reached XP level 4. HP: 23/33 MP: 1/7
  2510 | D:3      | Reached XP level 5. HP: 38/38 MP: 8/8
  2586 | D:3      | HP: 1/38 [poisoned by an adder]
  2591 | D:3      | Succumbed to an adder's poison

Skill      XL: |  1  2  3 |
---------------+----------+-----
Long Blades    | 3 4 |  4.9
Fighting       | |  2.0
Armour         | |  1.0
Dodging        | |  1.0
Spellcasting   | |  2.0
Charms         | |  3.0

Action                   |  1- 3 |  4- 6 || total
-------------------------+-------+-------++-------
Melee: Falchion          |   106 |    73 ||   179
Throw: Javelin           |       |     3 ||     3
 Cast: Infusion          |     6 |     7 ||    13
       Shroud of Golubri |       |     2 ||     2
  Use: Scroll            |     6 |     4 ||    10
       Potion            |       |     4 ||     4
  Eat: Chunk             |     2 |     4 ||     6
Armor: Leather armour    |    35 |    20 ||    55
Dodge: Dodged            |    59 |    35 ||    94
       Rpst.: Falchion   |    21 |     7 ||    28
